 Dungeon Crawl Stone Soup version 0.32-a0-996-gb3226c233f (webtiles) character file.

Game seed: 362465453426234085

5815 Fodor the Protected (level 10, -3/88 HPs)
             Began as a Minotaur Fighter on Apr 23, 2024.
             Was an Initiate of Gozag.
             Slain by a yak (7 damage)
             ... on level 9 of the Dungeon.
             The game lasted 00:28:00 (6477 turns).

Fodor the Protected (Minotaur Fighter)              Turns: 6477, Time: 00:28:00

Health: -3/88      AC: 11    Str: 26    XL:     10   Next: 51%
Magic:  9/9        EV: 14    Int:  5    God:    Gozag
Gold:   568        SH:  0    Dex:  9    Spells: 9/9 levels left

rFire   . . .        w - +6 flail (heavy)
rCold   . . .        (no shield)
rNeg    . . .        s - +0 chain mail
rPois   .            (helmet currently unavailable)
rElec   .            q - melded +0 cloak
rCorr   .            o - melded +0 pair of gloves
SInv    .            (boots currently unavailable)
Will    .....        (no amulet) Stlth
                     C - +5 ring of evasion
HPRegen 0.34/turn    (no ring)
MPRegen 0.11/turn

%: no passive effects
@: beast-form, gold aura
A: beast (slay +1), horns 2, retaliatory headbutt
a: Begin Untransformation, Renounce Religion, Potion Petition, Call Merchant,
Bribe Branch


You were on level 9 of the Dungeon.
You worshipped Gozag.
Gozag was pleased with you.
You were a hulking beast.
You visited 2 branches of the dungeon, and saw 10 of its levels.

You collected 805 gold pieces.
You spent 117 gold pieces at shops.
You paid 120 gold pieces to Gozag.

Inventory:

Hand Weapons
 a - a +2 orcbow of draining
 w - a +6 heavy flail (weapon)
 B - a +5 war axe
Missiles
 I - 4 boomerangs (quivered)
Armour
 o - a +0 pair of gloves (melded)
 q - a +0 cloak (melded)
 s - a +0 chain mail (worn)
 F - +0 swamp dragon scales
 H - a +0 hat
 L - a +0 kite shield
Jewellery
 j - a ring of wizardry
 z - an amulet of regeneration
 C - a +5 ring of evasion (left hand)
 G - a ring of magical power
 M - a +5 ring of evasion
 N - a ring of see invisible
Talismans
 b - a beast talisman (active)
 v - a maw talisman
Wands
 k - a wand of quicksilver (15)
 r - a wand of polymorph (13)
 u - a wand of paralysis (12)
 E - a wand of mindburst (18)
Scrolls
 e - a scroll of torment
 f - 3 scrolls of teleportation
 g - 2 scrolls of noise
 t - 2 scrolls of poison
 y - 3 scrolls of immolation
 D - a scroll of blinking
 K - 4 scrolls of fog
Potions
 c - a potion of lignification
 d - 2 potions of might
 l - 2 potions of enlightenment
 n - a potion of degeneration {unknown}
 p - 2 potions of cancellation {unknown}
 x - 4 potions of curing {unknown}
 J - a potion of berserk rage {unknown}


   Skills:
 + Level 7.8 Fighting
 + Level 7.1(9.2) Axes
 + Level 9.0(10.1) Maces & Flails
 + Level 1.7 Ranged Weapons
 + Level 2.2 Throwing
 + Level 10.5 Armour
 + Level 2.9 Dodging
 + Level 1.2 Stealth
 + Level 6.2 Shields
 + Level 3.3 Shapeshifting


You had 9 spell levels left.
You didn't know any spells.
Your spell library contained the following spells:

 Spells                   Type           Power      Damage    Failure   Level
 Apportation              Tloc           0%         N/A       90%         1
 Necrotise                Necr           0%         1d4       90%         1
 Sting                    Conj/Alch      0%         1d3       90%         1
 Summon Small Mammal      Summ           0%         N/A       90%         1
 Call Canine Familiar     Summ           0%         N/A       99%         3
 Sigil of Binding         Hex            0%         N/A       99%         3
 Vampiric Draining        Necr           0%         2d6       99%         3
 Dimensional Bullseye     Hex/Tloc       0%         N/A       100%        4
 Martyr's Knell           Necr/Summ      0%         N/A       100%        4
 Curse of Agony           Necr           0%         N/A       100%        5


Dungeon Overview and Level Annotations

Branches:
Dungeon (9/15)             Temple (1/1) D:7            Lair (0/5) D:9
    Orc: D:9-12

Altars:
Cheibriados
Dithmenos
Elyvilon
Gozag
Hepliaklqana
Kikubaaqudgha
Makhleb
Okawaru
Qazlal
Ru
Sif Muna
Trog
Uskayaw
Vehumet
Wu Jian
Xom
Yredelemnul
The Shining One

Shops:
D:8 (

Annotations:
Temple 2 transporters


Innate Abilities, Weirdness & Mutations

You are a hulking beast.
Your limbs bulge with bestial killing power. (Slay +1)
You have a pair of horns on your head.
You reflexively headbutt those who attack you in melee.


Message History

The yak bellows!
Your base Maces & Flails skill increases to level 9!
You hit the yak but do no damage.
The yak is no longer distracted by gold.
You headbutt the yak, but do no damage.
The yak is lightly wounded.
The orc warrior is no longer distracted by gold.
The yak is no longer distracted by gold.
The yak gores you!
* * * LOW HITPOINT WARNING * * *
The yak barely misses you. You furiously retaliate!
You headbutt the yak!
The orc is distracted by your dazzling golden aura.
The orc barely misses you. You furiously retaliate!
You headbutt the orc!
You kill the orc!
The orc warrior hits you with a +0 flail.
* * * LOW HITPOINT WARNING * * *
The yak is distracted by your dazzling golden aura.
The yak gores you!
* * * LOW HITPOINT WARNING * * *
The orc warrior hits you with a +0 flail.
* * * LOW HITPOINT WARNING * * *
The yak bellows!
The orc shouts!
As you read the scroll of fear, it crumbles to dust.
You assume a fearsome visage.
The orc warrior looks frightened!
The orc looks frightened! x2; The yak looks frightened! x2
You barely miss the yak.
The yak is heavily wounded.
The orc is no longer distracted by gold.
You barely miss the yak.
The yak is no longer distracted by gold.
Your attack snaps the yak out of its fear.
You headbutt the yak!
The yak is severely wounded.
The yak barely misses you.
The orc warrior is distracted by your dazzling golden aura.
You closely miss the yak.
The yak is severely wounded.
The yak gores you!
You die...
Your body crumbles into a pile of gold.

,,,* #.....#****,,,,,,,,,* ,,,*
#.....+........,,,,,* ,,,*
#.....#o.<.ß..,∩,,,ß* .,,*
#.....#Yo....,,,,,,,* ...*
#.....#.....,,,,,,,,* *** ...#
#.....#....,ß,,,,,ß,* *,, ...#
#.....#o..#,,,,,,,,,***,* ...#
#.....#$.$#,,,,ß,,,,,,,,*
...######.....##h###,,,,,,,,*****
...............Y.$.#,,,,,,,** **
.........###+#.....#,,,,,,,* *,
.........#,,,#.....#,,,,,,,* **,
.........#,,,#.....#,,,,,,,* *,,
.........#,,,#.....#******+* *,,
.........#,,,#....)#,,,,,,,* **,,
.........#**+#.....#,,,,,,,***,,,
###......#,,,#.....#,,,,,,,**,,,,


You could see 2 yaks, an orc warrior (fleeing) and 2 orcs.

Vanquished Creatures
  A two-headed ogre (D:8)
  Maggie (D:6)
  A wyvern (D:5)
  9 yaks (D:9)
  Edmund (D:4)
  An acid dragon (D:9)
  2 water moccasins
  3 orc warriors
  An ice beast (D:5)
  5 black bears
  3 ogres
  A phantom (D:7)
  A bullfrog (D:7)
  A kobold brigand (D:8)
  5 scorpions
  13 wights
  6 killer bees (D:9)
  A howler monkey (D:7)
  2 bombardier beetles
  A jelly (D:4)
  3 orc priests
  Crazy Yiuf (D:6)
  2 sleepcaps (D:3)
  Ijyb (D:3)
  3 iguanas (D:5)
  An orc wizard (D:9)
  6 adders
  3 gnolls (D:7)
  A white imp (D:6)
  3 dart slugs
  16 orcs
  3 endoplasms
  3 giant cockroaches
  5 goblins
  5 hobgoblins
  6 jackals
  A quokka (D:1)
  6 ball pythons
  3 bats
  A frilled lizard (D:2)
  7 kobolds
  3 rats (D:2)
142 creatures vanquished.

Notes
Turn   | Place    | Note
-------+----------+-------------------------------------------
     0 | D:1      | Fodor the Minotaur Fighter began the quest for the Orb.
     0 | D:1      | Reached XP level 1. HP: 19/19 MP: 0/0
   203 | D:1      | Reached XP level 2. HP: 25/27 MP: 1/1
   495 | D:1      | Reached skill level 4 in Armour
   623 | D:2      | Reached XP level 3. HP: 27/33 MP: 2/2
   658 | D:2      | Found a hide-covered altar of Uskayaw.
  1161 | D:3      | Reached XP level 4. HP: 9/41 MP: 3/3
  1340 | D:3      | Found a snail-covered altar of Cheibriados.
  1360 | D:3      | Found an ancient bone altar of Kikubaaqudgha.
  1436 | D:3      | Noticed Ijyb
  1474 | D:3      | Killed Ijyb
  1631 | D:3      | Found a bloodstained altar of Trog.
  1672 | D:3      | Reached XP level 5. HP: 25/47 MP: 4/4
  2144 | D:4      | Reached skill level 5 in Armour
  2270 | D:4      | Noticed an ogre
  2278 | D:4      | Killed an ogre
  2279 | D:4      | Reached XP level 6. HP: 55/55 MP: 5/5
  2367 | D:4      | Noticed Edmund
  2378 | D:4      | Killed Edmund
  2379 | D:4      | Reached skill level 5 in Fighting
  2379 | D:4      | Reached skill level 5 in Axes
  2817 | D:5      | Entered Level 5 of the Dungeon
  2821 | D:5      | Found an iron altar of Okawaru.
  2872 | D:5      | Reached XP level 7. HP: 59/61 MP: 6/6
  2903 | D:5      | Noticed a wyvern
  2908 | D:5      | Killed a wyvern
  2909 | D:5      | Reached skill level 6 in Armour
  2909 | D:5      | Reached skill level 1 in Shapeshifting
  3071 | D:5      | Found a shadowy altar of Dithmenos.
  3093 | D:5      | Reached skill level 1 in Maces & Flails
  3093 | D:5      | Reached skill level 1 in Throwing
  3093 | D:5      | Reached skill level 1 in Dodging
  3093 | D:5      | Reached skill level 5 in Shields
  3640 | D:6      | Reached XP level 8. HP: 48/69 MP: 7/7
  3911 | D:6      | Found a hazy altar of Hepliaklqana.
  3951 | D:6      | Reached skill level 1 in Stealth
  4118 | D:6      | Reached skill level 7 in Armour
  4308 | D:6      | Noticed Maggie
  4312 | D:6      | Paralysed by Maggie for 4 turns
  4319 | D:6      | Killed Maggie
  4351 | D:6      | Reached skill level 5 in Maces & Flails
  4351 | D:6      | Reached XP level 9. HP: 77/77 MP: 8/8
  4354 | D:6      | Reached skill level 8 in Armour
  4688 | D:6      | Found a runed translucent door.
  4689 | D:6      | Noticed Crazy Yiuf
  4794 | D:6      | Killed Crazy Yiuf
  4903 | D:7      | Found a staircase to the Ecumenical Temple.
  4952 | D:7      | Reached skill level 9 in Armour
  5092 | Temple   | Found a transporter.
  5092 | Temple   | Found a transporter.
  5092 | Temple   | Found a transporter.
  5092 | Temple   | Found a transporter.
  5092 | Temple   | Entered the Ecumenical Temple
  5108 | Temple   | Became a worshipper of Gozag Ym Sagoz the Greedy
  5311 | D:7      | Found an ornate altar of the Wu Jian Council.
  5480 | D:8      | Noticed a two-headed ogre
  5491 | D:8      | Killed a two-headed ogre
  6059 | D:8      | Found Kuifakhe's Antique Weapon Boutique.
  6064 | D:8      | Bought a runed orcbow for 117 gold pieces
  6131 | D:8      | Upgraded the game from 0.32-a0-995-gb4a59205af to
                  | 0.32-a0-996-gb3226c233f
  6192 | D:9      | Reached XP level 10. HP: 62/86 MP: 9/9
  6194 | D:9      | Reached skill level 10 in Armour
  6204 | D:9      | Reached skill level 1 in Ranged Weapons
  6473 | D:9      | HP: 3/88 [orc warrior/+0 flail (5)]
  6477 | D:9      | Slain by a yak

Illustrated notes

Levels and vault maps discovered:
D:1:      dpeg_arrival_concentric_ovals, layout_basic, minmay_tromino_v4_c
D:2:      layout_basic, basic_altar, feat_on_display
D:3:      layout_basic, bloody_trog, nicolae_kikubaaqudgha_miasma_corner,
          mainiacjoe_overflow_surrounded_room, uniq_ijyb
D:4:      layout_basic, uniq_edmund
D:5:      nicolae_BIG_FREAKIN_CUBE, layout_rooms, okawaru_ov_weapons_minmay,
          mainiacjoe_overflow_six_doors_small
D:6:      layout_basic, mainiacjoe_overflow_catwalk, uniq_crazy_yiuf_cottage,
          uniq_maggie
D:7:      layout_basic, old_standard_altar, minmay_temple_entry_stoned_glass
D:8:      layout_basic, serial_shops, shop
D:9:      layout_gridville, due_lair_maze_entry_diamond, enter_bailey_6,
          serial_bayou_pond_a
Temple:   hellmonk_temple_divided_pantheon

Skill      XL: |  1  2  3  4  5  6  7  8  9 10 |
---------------+-------------------------------+-----
Armour         | 4 5 6 7 9 10 | 10.5
Fighting       | 4 5 6 7 |  7.8
Axes           | 3 4 5 7 |  7.1
Shields        | 4 5 6 |  6.2
Shapeshifting  | 1 2 3 |  3.3
Maces & Flails | 1 5 7 9 |  9.0
Throwing       | 1 2 |  2.2
Dodging        | 1 2 |  2.9
Stealth        | 1 |  1.2
Ranged Weapons | 1 |  1.7

Action                     |  1- 3 |  4- 6 |  7- 9 | 10-12 || total
---------------------------+-------+-------+-------+-------++-------
  Melee: War axe           |    59 |    74 |       |       ||   133
         Headbutt          |     6 |    12 |    18 |    10 ||    46
         Flail             |       |     3 |   127 |    44 ||   174
   Fire: Orcbow            |       |       |     5 |     1 ||     6
  Throw: Dart              |       |     6 |     5 |       ||    11
         Boomerang         |       |       |     4 |       ||     4
    Use: Scroll            |       |       |    15 |     2 ||    17
         Potion            |       |       |       |     2 ||     2
 Armour: Scale mail        |    52 |    24 |       |       ||    76
         Chain mail        |       |    27 |   127 |    48 ||   202
  Dodge: Dodged            |    41 |    27 |    96 |    57 ||   221
  Block: Buckler           |    12 |    17 |    21 |       ||    50
         Kite shield       |       |       |    11 |       ||    11
   Form: Beast             |       |     1 |       |       ||     1

Table legend: (Time is in decaauts)
 A = Elapsed time spent in this place.
 B = Non-inter-level travel time spent in this place.
 C = Inter-level travel time spent in this place.
 D = Time resting spent in this place.
 E = Time spent auto-exploring this place.
 F = Levels seen in this place.
 G = Mean time per level.
                   A        B        C        D        E       F      G
               +--------+--------+--------+--------+--------+-----+--------+
         Total |   6609 |   6532 |     77 |    611 |   3927 |  10 |  660.9 |
       Dungeon |   6577 |   6500 |     77 |    611 |   3927 |   9 |  730.8 |
        Temple |     32 |     32 |      0 |      0 |      0 |   1 |   32.0 |
               +--------+--------+--------+--------+--------+-----+--------+

Top non-repeatable levels by time:
     D:6: 1298 daAuts
     D:3: 890 daAuts
     D:4: 837 daAuts
     D:5: 802 daAuts
     D:8: 692 daAuts
     D:7: 577 daAuts
     D:1: 573 daAuts
     D:2: 555 daAuts
     D:9: 350 daAuts
  Temple: 32 daAuts
